 Dungeon Crawl Stone Soup version 0.31-a0-795-g5eb97db20b (webtiles) character file.

Game seed: 1539069956961006810

58187 themarg the Myrmidon (level 14, -2/146 HPs)
             Began as a Troll Fighter on Sept 18, 2023.
             Was an Elder of Okawaru.
             Slain by a skeletal warrior
             ... wielding a +0 trident
              (23 damage)
             ... on level 11 of the Dungeon.
             The game lasted 01:20:18 (18010 turns).

themarg the Myrmidon (Troll Fighter)               Turns: 18010, Time: 01:20:19

Health: -2/146     AC: 10    Str: 31      XL:     14   Next: 48%
Magic:  19/22      EV: 11    Int:  7 (10) God:    Okawaru [****..]
Gold:   1080       SH: 11    Dex: 15      Spells: 13/13 levels left

rFire   . .          .
                       - Unarmed
rCold   . . .        b - +0 kite shield
rNeg    . . .        Y - +0 acid dragon scales
rPois   .            p - +0 hat
rElec   .            N - +0 cloak
rCorr   +            (gloves unavailable)
SInv    .            (boots unavailable)
Will    +....        S - amulet of the acrobat
Stlth   +            F - +6 ring of dexterity
HPRegen 1.24/turn    x - +6 ring of intelligence
MPRegen 0.18/turn

%: acrobat
@: finesse-ful, studying Staves
A: large, unfitting armour, claws 3, regeneration 1, shaggy fur 1, tough skin 1
a: Renounce Religion, Heroism, Finesse


You were on level 11 of the Dungeon.
You worshipped Okawaru.
Okawaru was greatly pleased with you.
You visited 3 branches of the dungeon, and saw 17 of its levels.
You also visited: Sewer.

You collected 1080 gold pieces.

Inventory:

Hand Weapons
 a - a +3 flail
Missiles
 c - 37 poisoned darts
 E - 2 throwing nets
 Q - 9 large rocks
Armour
 b - a +0 kite shield (worn)
 p - a +0 hat (worn)
 I - an orb of mayhem
 N - a +0 cloak (worn)
 Y - +0 acid dragon scales (worn)
Jewellery
 m - a ring of ice
 x - a +6 ring of intelligence (right claw)
 D - a +6 ring of dexterity
 F - a +6 ring of dexterity (left claw)
 S - an amulet of the acrobat (around neck)
 X - a ring of resist corrosion
 Z - a ring of positive energy
Wands
 e - a wand of quicksilver (2)
 s - a wand of flame (49)
 H - a wand of polymorph (15)
 L - a wand of digging (3)
 O - a wand of paralysis (19)
Scrolls
 d - 8 scrolls of poison
 h - 9 scrolls of teleportation
 i - 4 scrolls of immolation
 k - 2 scrolls of fog
 r - 3 scrolls of amnesia
 v - 2 scrolls of vulnerability {unknown}
 y - 2 scrolls of silence {unknown}
 B - 2 scrolls of torment
 J - 2 scrolls of revelation
 K - a scroll of enchant weapon {unknown}
 M - a scroll of enchant armour {unknown}
 P - a scroll of fear {unknown}
 V - a scroll of brand weapon {unknown}
Potions
 f - 2 potions of invisibility
 l - 2 potions of magic
 n - 4 potions of resistance
 o - 3 potions of cancellation
 q - 7 potions of curing
 t - a potion of mutation {unknown}
 w - a potion of ambrosia {unknown}
 z - 2 potions of attraction
 A - 2 potions of haste {unknown}
 C - 2 potions of lignification
 R - 3 potions of berserk rage
 T - 2 potions of enlightenment
 U - a potion of might
Miscellaneous
 W - a tin of tremorstones (2/2)


   Skills:
 + Level 11.0 Fighting
 - Level 8.0 Throwing
 - Level 5.0 Armour
 - Level 5.0 Dodging
 - Level 10.0 Shields
 - Level 10.0 Unarmed Combat
 - Level 12.0 Invocations
 - Level 3.0 Evocations


You had 13 spell levels left.
You didn't know any spells.
Your spell library contained the following spells:

 Spells                   Type           Power      Damage    Failure   Level
 Apportation              Tloc           0%         N/A       65%         1
 Foxfire                  Conj/Fire      0%         2x1d4     65%         1
 Freeze                   Ice            0%         1d3       65%         1
 Magic Dart               Conj           0%         1d3       65%         1
 Necrotise                Necr           0%         1d4       65%         1
 Ensorcelled Hibernation  Hex/Ice        0%         N/A       78%         2
 Jinxbite                 Hex            0%         N/A       78%         2
 Passwall                 Tmut/Erth      0%         N/A       78%         2
 Searing Ray              Conj           0%         2d4       78%         2
 Frozen Ramparts          Ice            0%         1d1       95%         3
 Hailstorm                Conj/Ice       0%         3d3       95%         3
 Ozocubu's Armour         Ice            0%         N/A       95%         3
 Swiftness                Air            0%         N/A       95%         3
 Vampiric Draining        Necr           0%         2d6       95%         3
 Volatile Blastmotes      Fire/Tloc      0%         2d10      95%         3
 Dimensional Bullseye     Hex/Tloc       0%         N/A       100%        4
 Fulminant Prism          Conj/Hex       0%         3d5       100%        4
 Iskenderun's Mystic Bla  Conj/Tloc      0%         2d3       100%        4
 Manifold Assault         Tloc           0%         N/A       100%        4
 Petrify                  Tmut/Erth      0%         N/A       100%        4
 Agony                    Necr           0%         N/A       100%        5
 Alistair's Intoxication  Tmut/Pois      0%         N/A       100%        5
 Iskenderun's Battlesphe  Conj           0%         2d6       100%        5
 Metabolic Englaciation   Hex/Ice        0%         N/A       100%        5
 Dispersal                Tloc           0%         N/A       100%        6
 Leda's Unmaking          Conj/Erth      0%         9d1       100%        6
 Plasma Beam              Fire/Air       0%         2x1d10    100%        6
 Starburst                Conj/Fire      0%         6d3       100%        6
 Disjunction              Tloc           0%         N/A       100%        8
 Summon Small Mammal      Summ           Unusable   N/A       N/A         1
 Call Canine Familiar     Summ           Unusable   N/A       N/A         3
 Summon Guardian Golem    Hex/Summ       Unusable   N/A       N/A         3
 Tukima's Dance           Hex            Unusable   N/A       N/A         3
 Simulacrum               Ice/Necr       Unusable   N/A       N/A         6
 Spellforged Servitor     Conj/Summ      Unusable   N/A       N/A         7

Dungeon Overview and Level Annotations

Branches:
Dungeon (11/15)            Temple (1/1) D:5            Lair (5/5) D:10
  Swamp (0/4) Lair:2       Spider (0/4) Lair:2        Slime (0/5) Lair:4
  Sewer (visited)
    Orc: D:9-12

Altars:
Ashenzari
Cheibriados
Dithmenos
Elyvilon
Fedhas
Gozag
Hepliaklqana
Kikubaaqudgha
Makhleb
Nemelex Xobeh
Okawaru
Qazlal
Ru
Sif Muna
Trog
Uskayaw
Vehumet
Wu Jian
Xom
Yredelemnul
Zin
The Shining One
Jiyva

Annotations:
D:11 exclusion: skeletal warrior
Lair:1 1 exclusion


Innate Abilities, Weirdness & Mutations

You are too large for most types of armour.
You have claws for hands.
Your natural rate of healing is unusually fast.
You are covered in fur. (AC +1)
You have tough skin. (AC +1)


Message History

Aim: a kobold demonologist, wielding a +0 dagger and wearing a +0 robe (almost dead, 57% to hit)
You throw a javelin.
The javelin pierces through the skeletal warrior!!
The skeletal warrior is severely damaged.
The javelin pierces through the kobold demonologist!!
You kill the kobold demonologist!
Okawaru accepts your kill.
The crimson imp disappears in a puff of smoke!
The smoke demon disappears in a puff of smoke!
The quasit disappears in a puff of smoke!
Throw: javelin
Press: ? - help, Q - select action, (/) - cycle Shift-Dir - straight line, f - skeletal warrior
Aim: a skeletal warrior, wielding a +0 trident (66% to hit)
You throw a javelin.
The javelin pierces through the skeletal warrior.
The skeletal warrior is severely damaged.
The javelin barely misses the skeletal warrior.
Throw: javelin (silver)
Press: ? - help, Q - select action, (/) - cycle Shift-Dir - straight line, f/p - skeletal warrior
Aim: a skeletal warrior, wielding a +0 trident (66% to hit)
You throw a silver javelin.
The silver javelin pierces through the skeletal warrior but does no damage.
The skeletal warrior is severely damaged.
The silver javelin pierces through the skeletal warrior.
The skeletal warrior is lightly damaged.
The skeletal warrior completely misses you.
You barely miss the skeletal warrior.
The skeletal warrior is severely damaged.
The skeletal warrior hits you from afar with a +0 trident!
* * * LOW HITPOINT WARNING * * *
Aiming: Quicksilver Bolt
Press: ? - help, Shift-Dir - straight line, f/p - skeletal warrior
Aim: a skeletal warrior, wielding a +0 trident (lightly damaged, 74% to hit)
The bolt of dispelling energy hits the skeletal warrior.
The skeletal warrior is almost destroyed.
The bolt of dispelling energy hits the skeletal warrior.
The skeletal warrior is lightly damaged.
The skeletal warrior completely misses you.
The skeletal warrior hits you from afar with a +0 trident!!
You die...

.. #.K......# #
#....3.#...#
#......#...#
#......#...# #.
##.....#...#
...####.#####...#
#..(....# #...#
###....§####...#
#(..§.zz@....#
#####
#.....####.###
#...# #....##
#.#####.#.#
#..####
#.........# #..#
#######.### #.#
#.# #. #.#
.........##.####
.........##....#


You could see 2 skeletal warriors.

Vanquished Creatures
  Gastronok (Lair:2)
  A fire dragon (Lair:1)
  8 hydras
  A catoblepas (Lair:5)
  Erica (D:8)
  2 two-headed ogres
  14 death yaks (Lair:5)
  Nergalle (D:10)
  Urug (D:10)
  A skyshark (Lair:5)
  A skeletal warrior (D:11)
  2 lindwurms (Lair:5)
  Pikel (D:7)
  2 bog bodies (Lair:2)
  An oklob plant (D:10)
  2 manticores (Lair:5)
  Joseph (D:10)
  Maurice (D:8)
  26 elephants
  7 black mambas
  A torpor snail (Lair:5)
  3 cane toads
  3 rime drakes
  A kobold demonologist (D:11)
  7 komodo dragons
  Prince Ribbit (D:6)
  13 blink frogs
  6 dream sheep (Lair:5)
  Grinder (D:4)
  2 shadows (D:11)
  2 wyverns
  4 culicivoras
  A wraith (D:11)
  4 basilisks
  42 yaks
  A steam dragon (D:7)
  2 acid dragons
  8 water moccasins
  8 orc warriors
  An ice beast (D:8)
  A black bear (D:8)
  4 ogres
  20 wolves
  3 centaurs
  3 lemures (D:7)
  4 phantoms
  4 kobold brigands
  18 bullfrogs
  2 scorpions
  7 wights
  7 killer bees
  2 howler monkeys
  5 jellies
  9 orc priests
  Crazy Yiuf (D:4)
  A gnoll bouda (D:6)
  4 hounds
  Jessica (D:2)
  15 orc wizards
  2 sleepcaps (D:5)
  6 hell rats (Lair:4)
  10 gnolls
  9 adders
  8 river rats (Sewer)
  2 shadow imps (D:4)
  4 white imps
  3 ufetubi
  2 worms
  5 dart slugs
  50 orcs
  4 endoplasms
  4 giant cockroaches
  9 goblins
  4 hobgoblins
  3 jackals (D:1)
  2 quokkas
  7 ball pythons
  5 bats
  5 frilled lizards
  30 kobolds
  27 rats
498 creatures vanquished.

Notes
Turn   | Place    | Note
-------+----------+-------------------------------------------
     0 | D:1      | themarg the Troll Fighter began the quest for the Orb.
     0 | D:1      | Reached XP level 1. HP: 22/22 MP: 0/0
   172 | D:1      | Reached XP level 2. HP: 29/29 MP: 1/1
   755 | D:2      | Reached XP level 3. HP: 34/36 MP: 2/2
   816 | D:2      | Reached skill level 1 in Throwing
   816 | D:2      | Reached XP level 4. HP: 24/45 MP: 3/3
   942 | D:2      | Noticed Jessica
   966 | D:2      | Killed Jessica
  1145 | D:2      | Reached XP level 5. HP: 53/53 MP: 4/4
  1528 | D:3      | Found a glowing drain.
  1541 | Sewer    | Entered a sewer
  1823 | Sewer    | Reached XP level 6. HP: 62/62 MP: 5/5
  2583 | D:3      | You fall into a shaft and drop 1 floor!
  2615 | D:4      | Noticed Grinder
  2890 | D:4      | Paralysed by Grinder for 5 turns
  2938 | D:4      | Killed Grinder
  3054 | D:4      | Reached XP level 7. HP: 70/70 MP: 6/6
  3225 | D:4      | Reached skill level 5 in Unarmed Combat
  3309 | D:4      | Found a runed translucent door.
  3310 | D:4      | Noticed Crazy Yiuf
  3638 | D:5      | Entered Level 5 of the Dungeon
  3742 | D:5      | Reached skill level 5 in Fighting
  3814 | D:5      | Reached XP level 8. HP: 49/80 MP: 7/7
  3965 | D:5      | Found a staircase to the Ecumenical Temple.
  3974 | Temple   | Entered the Ecumenical Temple
  4022 | Temple   | Became a worshipper of Warmaster Okawaru
  4392 | D:5      | Reached skill level 5 in Shields
  4989 | D:6      | Noticed Prince Ribbit
  5270 | D:6      | Killed Prince Ribbit
  5270 | D:6      | Reached * piety under Okawaru
  5459 | D:6      | Reached XP level 9. HP: 82/88 MP: 8/8
  5597 | D:6      | Found a white marble altar of Elyvilon.
  5707 | D:6      | Reached skill level 10 in Unarmed Combat
  5870 | D:7      | Reached ** piety under Okawaru
  5871 | D:7      | Reached skill level 1 in Invocations
  5978 | D:7      | Found a bloodstained altar of Trog.
  5978 | D:7      | Found a shimmering altar of Xom.
  5998 | D:7      | Noticed Pikel
  6109 | D:7      | Reached skill level 2 in Invocations
  6402 | D:7      | Reached skill level 3 in Invocations
  6502 | D:7      | Killed Pikel
  6502 | D:7      | Reached *** piety under Okawaru
  6503 | D:7      | Reached skill level 5 in Throwing
  6503 | D:7      | Reached skill level 4 in Invocations
  6656 | D:7      | Reached XP level 10. HP: 96/96 MP: 12/12
  6903 | D:8      | Reached skill level 5 in Invocations
  7205 | D:8      | Noticed Maurice
  7205 | D:8      | Paralysed by Maurice for 5 turns
  7217 | D:8      | Killed Maurice
  7217 | D:8      | Reached **** piety under Okawaru
  7281 | D:8      | Noticed Erica
  7286 | D:8      | Paralysed by Erica for 4 turns
  7298 | D:8      | Killed Erica
  7299 | D:8      | Reached skill level 6 in Invocations
  7792 | D:9      | Reached skill level 7 in Invocations
  7874 | D:9      | Reached skill level 8 in Invocations
  7875 | D:9      | Received a gift from Okawaru
  7942 | D:9      | Received a gift from Okawaru
  8073 | D:9      | Noticed a two-headed ogre
  8079 | D:9      | Killed a two-headed ogre
  8080 | D:9      | Reached skill level 9 in Invocations
  8213 | D:9      | Reached XP level 11. HP: 100/102 MP: 15/17
  8447 | D:10     | Entered Level 10 of the Dungeon
  8448 | D:10     | Found a staircase to the Lair.
  8448 | D:10     | Noticed an oklob plant
  8690 | D:10     | Noticed Urug
  8741 | D:9      | Received a gift from Okawaru
  8881 | D:10     | Noticed Joseph
  8882 | D:10     | Reached skill level 10 in Invocations
  8902 | D:10     | Killed Joseph
  9042 | D:10     | Found a shadowy altar of Dithmenos.
  9049 | D:10     | Noticed Nergalle
  9137 | D:10     | Found a hide-covered altar of Uskayaw.
  9213 | D:10     | Killed Urug
  9259 | D:10     | Noticed a two-headed ogre
  9266 | D:10     | Killed a two-headed ogre
  9470 | D:10     | Killed Nergalle
  9471 | D:10     | Reached skill level 11 in Invocations
  9566 | D:10     | Killed an oklob plant
  9653 | Lair:1   | Entered Level 1 of the Lair of Beasts
  9906 | Lair:1   | You fall into a shaft and drop 1 floor!
  9917 | Lair:2   | Reached ***** piety under Okawaru
 10268 | Lair:1   | Identified the +0 great mace of Famine {vamp, rC- rN+++
                  | Str-4 Int+4} (Okawaru gifted it to you on level 1 of the
                  | Lair of Beasts)
 10268 | Lair:1   | Received a gift from Okawaru
 10328 | Lair:1   | Reached skill level 12 in Invocations
 10328 | Lair:1   | Reached XP level 12. HP: 91/111 MP: 12/20
 10851 | Lair:1   | Identified the amulet of Zeobe {Acrobat +Blink rC- Str+2}
 10907 | Lair:1   | Noticed a fire dragon
 10926 | Lair:1   | Killed a fire dragon
 10926 | Lair:1   | Received a gift from Okawaru
 11447 | Lair:2   | Found a staircase to the Swamp.
 11510 | Lair:2   | Noticed an eight-headed hydra
 11631 | Lair:2   | Noticed Gastronok
 11656 | Lair:2   | Killed Gastronok
 11699 | Lair:2   | Found a hole to the Spider Nest.
 11720 | Lair:2   | Noticed an eight-headed hydra
 11993 | Lair:2   | Reached skill level 10 in Shields
 12002 | Lair:2   | Reached skill level 1 in Armour
 12207 | Lair:2   | Received a gift from Okawaru
 12420 | Lair:2   | Killed an eight-headed hydra
 12420 | Lair:2   | Received a gift from Okawaru
 12739 | Lair:2   | Killed a nine-headed hydra
 12981 | Lair:3   | Received a gift from Okawaru
 13217 | Lair:3   | Reached skill level 5 in Armour
 13234 | Lair:3   | Reached XP level 13. HP: 103/118 MP: 21/21
 13897 | Lair:4   | Found a staircase to the Slime Pits.
 13904 | Lair:4   | Reached skill level 5 in Dodging
 14236 | Lair:4   | Reached skill level 1 in Evocations
 14613 | Lair:4   | Found a blossoming altar of Fedhas.
 14756 | Lair:4   | Found a viscous altar of Jiyva.
 14826 | Lair:5   | Entered Level 5 of the Lair of Beasts
 14882 | Lair:5   | Received a gift from Okawaru
 15203 | Lair:5   | Received a gift from Okawaru
 15639 | Lair:5   | Received a gift from Okawaru
 15861 | Lair:5   | Reached XP level 14. HP: 137/137 MP: 22/22
 16387 | Lair:5   | Received a gift from Okawaru
 16918 | Lair:5   | Reached skill level 10 in Fighting
 16923 | Lair:5   | Received a gift from Okawaru
 17277 | Lair:5   | Identified the staff of the Bespelling Gods {rN+ Str+3
                  | Necro}
 17606 | D:4      | Killed Crazy Yiuf
 18010 | D:11     | Slain by a skeletal warrior

Illustrated notes

Levels and vault maps discovered:
D:1:      dpeg_arrival_tiny_a, layout_basic
D:2:      layout_basic, uniq_jessica
D:3:      layout_rooms, portal_sewer_entry_b, nicolae_elevator_lobby_asterisk
D:4:      wad_crossroads, layout_rooms, serial_demonic, serial_demonic_c,
          serial_demonic_g, serial_demonic_e, serial_demonic_c,
          minmay_misc_feat_x, uniq_crazy_yiuf_cottage, uniq_grinder
D:5:      layout_loops_corners, minmay_temple_entry_trees
D:6:      layout_rooms, mainiacjoe_overflow_chevrons, uniq_prince_ribbit1
D:7:      minmay_skewed_foursquare, layout_basic,
          mainiacjoe_overflow_large_starburst, minmay_stone_trees_small,
          uniq_pikel
D:8:      layout_basic, serial_rivers, chequers_serial_rivers_small_b,
          chequers_serial_rivers_micro_e, chequers_serial_rivers_marsh,
          chequers_serial_rivers_micro_c, chequers_serial_rivers_room_b,
          chequers_serial_rivers_room_b, uniq_erica, uniq_maurice
D:9:      layout_cave_pools, serial_column_ruins, column_ruins_hut_pillars,
          column_ruins_circle_large, column_ruins_open_small,
          column_ruins_open_small, column_ruins_columns_straight,
          column_ruins_columns_plus, column_ruins_grid_1,
          column_ruins_columns_straight
D:10:     layout_cross, eat_drink_and_be_merry_uskayaw, lemuel_tele_altar,
          dpeg_oklobed_lair, uniq_joseph, uniq_urug, uniq_nergalle
D:11:     minmay_cornered_nines, layout_basic, uniq_harold, uniq_fannar
Temple:   minmay_crystal_spiral_temple
Lair:1:   dragon1_lemuel, layout_loops_ring
Lair:2:   layout_cave_pods, skrybe_swamp_entry_bodies,
          hellmonk_spider_entry_life_and_decay, uniq_gastronok
Lair:3:   layout_regular_city, columned_hall_lemuel, serial_bayou_shore_a
Lair:4:   layout_cave_pods, nicolae_slime_entry_field_trip, basic_altar,
          lemuel_fruit_tree
Lair:5:   hangedman_lair_in_review, layout_cellular_growth

Skill      XL: |  1  2  3  4  5  6  7  8  9 10 11 12 13 14 |
---------------+-------------------------------------------+-----
Fighting       | 3 4 5 8 11 | 11.0
Shields        | 3 4 5 7 10 | 10.0
Throwing       | 1 2 5 6 8 |  8.0
Unarmed Combat | 3 4 6 9 10 | 10.0
Invocations    | 4 9 12 | 12.0
Armour         | 5 |  5.0
Dodging        | 4 5 |  5.0
Evocations     | 3 |  3.0

Action                     |  1- 3 |  4- 6 |  7- 9 | 10-12 | 13-15 || total
---------------------------+-------+-------+-------+-------+-------++-------
  Melee: Unarmed           |    86 |   243 |   277 |   560 |   381 ||  1547
         Flail             |       |       |       |    24 |    13 ||    37
  Throw: Dart              |       |       |    23 |    16 |       ||    39
         Javelin           |       |       |    11 |    16 |    70 ||    97
         Throwing net      |       |       |     2 |     1 |       ||     3
         Boomerang         |       |       |    31 |   100 |     8 ||   139
         Stone             |       |       |       |    11 |       ||    11
         Large rock        |       |       |       |     6 |    39 ||    45
 Invoke: Heroism           |       |       |       |    16 |    11 ||    27
         Finesse           |       |       |       |     6 |     6 ||    12
  Evoke: Wand              |       |       |       |    17 |     5 ||    22
         Tin of tremorston |       |       |       |     2 |     1 ||     3
    Use: Scroll            |       |     6 |     8 |     7 |     5 ||    26
         Potion            |       |     1 |       |     3 |     7 ||    11
   Stab: Sleeping          |       |     1 |       |       |       ||     1
         Distracted        |       |       |       |     1 |       ||     1
 Armour: Robe              |    43 |   117 |   145 |   205 |       ||   510
         Acid dragon scale |       |       |       |   218 |   297 ||   515
  Dodge: Dodged            |    20 |    93 |    89 |   249 |   165 ||   616
  Block: Kite shield       |    36 |    85 |   105 |   350 |   216 ||   792

Table legend: (Time is in decaauts)
 A = Elapsed time spent in this place.
 B = Non-inter-level travel time spent in this place.
 C = Inter-level travel time spent in this place.
 D = Time resting spent in this place.
 E = Time spent auto-exploring this place.
 F = Levels seen in this place.
 G = Mean time per level.
                   A        B        C        D        E       F      G
               +--------+--------+--------+--------+--------+-----+--------+
         Total |  17934 |  16397 |   1537 |   1595 |  10164 |  18 |  996.3 |
       Dungeon |   9591 |   8696 |    895 |    633 |   5728 |  11 |  871.9 |
        Temple |     96 |      2 |     94 |      0 |      0 |   1 |   96.0 |
          Lair |   7607 |   7059 |    548 |    954 |   4146 |   5 | 1521.4 |
         Sewer |    638 |    638 |      0 |      8 |    289 |   1 |  638.0 |
               +--------+--------+--------+--------+--------+-----+--------+

Top non-repeatable levels by time:
  Lair:5: 2453 daAuts
  Lair:2: 1782 daAuts
  Lair:1: 1384 daAuts
     D:5: 1223 daAuts
    D:10: 1194 daAuts
  Lair:4: 1098 daAuts
     D:8: 1049 daAuts
     D:7: 972 daAuts
     D:4: 916 daAuts
     D:9: 894 daAuts
  Lair:3: 888 daAuts
     D:3: 817 daAuts
     D:6: 814 daAuts
     D:2: 796 daAuts
     D:1: 715 daAuts
